 Dungeon Crawl Stone Soup version 0.17-a0-82-g3e33fa6 (webtiles) character file.

7 Rotinaj the Caller (level 2, -1/19 HPs)
             Began as a Merfolk Summoner on Mar 16, 2015.
             Slain by a hobgoblin
             ... wielding a +0 club
              (3 damage)
             ... on level 1 of the Dungeon.
             The game lasted 00:07:39 (551 turns).

Rotinaj the Caller (Merfolk Summoner)                Turns: 551, Time: 00:07:39

Health: -1/19      AC:  2    Str: 10    XL:     2   Next: 4%
Magic:  4/4        EV: 13    Int: 14    God:
Gold:   27         SH:  0    Dex: 14    Spells: 1 memorised, 4 levels left

rFire  . . .     SeeInvis .     d - +0 dagger
rCold  . . .     Clarity  .     a - +0 robe
rNeg   . . .     SustAb   .     (no shield)
rPois  .         Gourm    .     (no helmet)
rElec  .         Spirit   .     (no cloak)
rCorr  .         Warding  .     (no gloves)
rMut   .         Stasis   .     (no boots)
MR     .....                    (no amulet)
Stlth  ++........               (no ring)
                                (no ring)

@: not resistant to hostile enchantments, unstealthy
A: change form in water, swift swim, breathe flames 1, deterioration 1, strong 1
a: Breathe Fire


You were on level 1 of the Dungeon.
You were not hungry.

You visited 1 branch of the dungeon, and saw 1 of its levels.

You collected 27 gold pieces.

Inventory:

Hand weapons
 d - a +0 dagger (weapon)
Armour
 a - a +0 robe (worn)
Scrolls
 g - a scroll of teleportation {unknown}
Potions
 e - a potion of mutation
 h - a potion of ambrosia
Books
 b - a book of Callings

   Spells                             Type                      Level
   a - Summon Small Mammal            Summoning                    1
   b - Call Imp                       Summoning                    2
   c - Call Canine Familiar           Summoning                    3
   d - Summon Guardian Golem          Hexes/Summoning              4
   e - Summon Lightning Spire         Summoning/Air                4
   f - Summon Ice Beast               Ice/Summoning                4
Comestibles
 c - a bread ration
 f - 2 chunks of flesh


   Skills:
 + Level 2.9 Dodging
 + Level 2.1 Stealth
 + Level 2.0 Spellcasting
 + Level 4.3 Summonings


You had 4 spell levels left.
You knew the following spells:

 Your Spells              Type           Power        Failure   Level  Hunger
a - Summon Small Mammal   Summ           ##..         4%          1    ##.....


Dungeon Overview and Level Annotations

Branches:
Dungeon (1/15)

Altars:


Innate Abilities, Weirdness & Mutations

You revert to your normal form in water.
You are very nimble and swift while swimming.
You can breathe flames.
Your body is slowly deteriorating.
Your muscles are strong. (Str +2)


Message History

You hit the hobgoblin.
The hobgoblin is almost dead.
The hobgoblin hits you but does no damage.
You barely miss the hobgoblin.
The hobgoblin is almost dead.
The hobgoblin closely misses you.
You barely miss the hobgoblin.
The hobgoblin is almost dead.
You closely miss the hobgoblin.
The hobgoblin is almost dead.
The hobgoblin barely misses you.
You feel your strength returning.
You closely miss the hobgoblin.
The hobgoblin is almost dead.
The hobgoblin closely misses you.
You closely miss the hobgoblin.
The hobgoblin is almost dead.
The rat twitches its whiskers.
The hobgoblin hits you with a club.
You die...

#.# #.# #.# #( #.# ###.#
#.# #. #.# #...# #.# #
#.# #.### #.# #.# #.# #.#
#.# #.# #.# #.#
#.#########.# #..
##.###.........#.# #..##
#.# ..........####.#@#
#...# #.# ##.######.# #
#g# #.#.# #.# #.#
###.####.#r## #... #.#
#.# #... ##...#..# #..#
#.# #.##.. #....## #..#
#.# #.#.#
##.##...###..#######.#
#..#
#.⌠.##...##.......##.#
##.###
##.#.####......####.)...
#..#.#
##.#.#.#.#...#..#######.#


You could see a hobgoblin and a rat.

Vanquished Creatures
  A ball python (D:1)
  2 hobgoblins (D:1)
  A bat (D:1)
  A giant newt (D:1)
  A goblin (D:1)
6 creatures vanquished.

Vanquished Creatures (collateral kills)
  2 rats (D:1)
2 creatures vanquished.

Vanquished Creatures (others)
  4 rats (D:1)
4 creatures vanquished.

Grand Total: 12 creatures vanquished

Notes
Turn   | Place    | Note
--------------------------------------------------------------
     0 | D:1      | Rotinaj, the Merfolk Summoner, began the quest for the Orb.
     0 | D:1      | Reached XP level 1. HP: 13/13 MP: 3/3
   192 | D:1      | Gained mutation: Your muscles are strong. (Str +2) [potion of mutation]
   192 | D:1      | Gained mutation: You can breathe flames. [potion of mutation]
   192 | D:1      | Gained mutation: Your body is slowly deteriorating. [potion of mutation]
   523 | D:1      | Reached XP level 2. HP: 8/19 MP: 4/4
   551 | D:1      | Slain by a hobgoblin

Action                   || total
-------------------------++-------
Melee: Unarmed           ||    15
       Dagger            ||    13
 Cast: Summon Small Mamm ||     7
  Use: Potion            ||     4
       Scroll            ||     1
